 Dungeon Crawl Stone Soup version 0.28-a0-1447-ga5a8893891 (webtiles) character file.

Game seed: 747502394488862913

445 lonewolfV2 the Covered (level 6, -2/49 HPs)
             Began as a Minotaur Fighter on Jan 10, 2022.
             Succumbed to a water moccasin's poison
             ... on level 5 of the Dungeon.
             The game lasted 00:06:15 (3837 turns).

lonewolfV2 the Covered (Minotaur Fighter)           Turns: 3837, Time: 00:06:16

Health: -2/49      AC:  7    Str: 23      XL:     6   Next: 72%
Magic:  5/5        EV:  9    Int:  2 (5)  God:
Gold:   83         SH:  4    Dex: 10 (11) Spells: 5/5 levels left

rFire   . . .      SeeInvis .   e - +2 hand axe (vorpal)
rCold   . . .      Faith    .   c - +0 buckler
rNeg    . . .      Spirit   .   b - +0 scale mail
rPois   .          Reflect  .   (helmet restricted)
rElec   .          Harm     .   (no cloak)
rCorr   .          Rampage  .   (no gloves)
Will    .....                   (no boots)
Stlth   +.........              (no amulet)
HPRegen 0.16/turn               (no ring)
MPRegen 0.09/turn               (no ring)

@: lethally poisoned (-2 -> -17)
A: horns 2, retaliatory headbutt, thin skeletal structure 1, frail 1
a: no special abilities


You were on level 5 of the Dungeon.
You visited 1 branch of the dungeon, and saw 5 of its levels.

You collected 237 gold pieces.
You spent 154 gold pieces at shops.

Inventory:

Hand Weapons
 a - a +0 war axe
 e - a +2 vorpal hand axe (weapon)
Armour
 b - a +0 scale mail (worn)
 c - a +0 buckler (worn)
Scrolls
 f - a scroll of noise
 h - a scroll of identify
Potions
 d - a potion of might
 g - a potion of invisibility
 i - a potion of ambrosia
 j - a potion of lignification
 k - a potion of curing


   Skills:
 + Level 4.9 Fighting
 + Level 5.6 Axes
 + Level 5.7 Armour
 + Level 1.1 Dodging
 + Level 0.5 Stealth
 + Level 4.7 Shields


You had 5 spell levels left.
You didn't know any spells.
Your spell library contained the following spells:

 Spells                   Type           Power      Damage    Failure   Level
 Call Canine Familiar     Summ           0%         N/A       99%         3
 Portal Projectile        Hex/Tloc       0%         N/A       99%         3
 Leda's Liquefaction      Hex/Erth       0%         N/A       100%        4


Dungeon Overview and Level Annotations

Branches:
Dungeon (5/15)             Temple (0/1) D:5

Altars:
Fedhas
Hepliaklqana
Makhleb

Shops:
D:4 [!!=


Innate Abilities, Weirdness & Mutations

You have a pair of horns on your head.
You reflexively headbutt those who attack you in melee.
You have a somewhat thin skeletal structure. (Dex +2, Stealth+)
You are frail. (-10% HP)


Message History

* * * LOW HITPOINT WARNING * * *
You are more poisoned.
The water moccasin poisons you!
You feel better. You block the water moccasin's attack.
You completely miss the water moccasin.
The water moccasin is heavily wounded.
The water moccasin bites you.
You are confused.
You feel invigorated. The water moccasin closely misses you.
The water moccasin barely misses you.
You hit the water moccasin.
Your headbutt misses the water moccasin.
The water moccasin is severely wounded.
The water moccasin barely misses you.
The water moccasin bites you but does no damage.
The water moccasin bites you.
You are poisoned.
The water moccasin poisons you!
You feel less invigorated.
You feel less confused.
You feel very sick. The water moccasin bites you.
You are more poisoned.
The water moccasin poisons you!
You feel very sick. The water moccasin closely misses you.
A water moccasin is nearby!
You feel very sick.
The water moccasin bites you but does no damage.
The water moccasin bites you.
You are lethally poisoned!
The water moccasin poisons you!
There is a lethal amount of poison in your body!
* * * LOW HITPOINT WARNING * * *
You feel very sick.
* * * LOW HITPOINT WARNING * * *
You feel very sick. The water moccasin bites you!
* * * LOW HITPOINT WARNING * * *
You die...

..........###...#
........#........
.....#...##..>..
#......#.....
#.#....##...#
#.#.#...# #
#.#.#S#.#
#.#.#.#...
#<..#@##.#..
#.#.#.# .. #+
#.#.#.# #.#
#.#.#.. ..
#.###.. #.# #...
#.# #.## #.. ..#


You could see a water moccasin.

Vanquished Creatures
  A necrophage (D:2)
  Blork the orc (D:4)
  A howler monkey (D:4)
  3 hounds (D:3)
  An orc priest (D:3)
  An iguana (D:4)
  A hound skeleton (D:4)
  4 adders
  A worm (D:3)
  3 orcs (D:3)
  2 bats
  8 endoplasms
  5 giant cockroaches
  3 goblins
  4 hobgoblins
  5 quokkas
  11 ball pythons
  4 kobolds
  A quokka skeleton (D:4)
  3 rats
63 creatures vanquished.

Notes
Turn   | Place    | Note
-------+----------+-------------------------------------------
     0 | D:1      | lonewolfV2 the Minotaur Fighter began the quest for the
                  | Orb.
     0 | D:1      | Reached XP level 1. HP: 19/19 MP: 0/0
    24 | D:1      | Found a faded altar of an unknown god.
   344 | D:1      | Reached XP level 2. HP: 27/27 MP: 1/1
   883 | D:2      | Noticed a necrophage
   893 | D:2      | Killed a necrophage
   894 | D:2      | Reached XP level 3. HP: 17/34 MP: 2/2
   894 | D:2      | Reached XP level 4. HP: 20/41 MP: 3/3
  1758 | D:3      | Reached XP level 5. HP: 39/47 MP: 4/4
  1776 | D:3      | Reached skill level 5 in Armour
  1777 | D:3      | Gained mutation: You are frail. (-10% HP) [potion of
                  | mutation]
  1777 | D:3      | Gained mutation: You have a somewhat thin skeletal
                  | structure. (Dex +2, Stealth+) [potion of mutation]
  2668 | D:3      | Reached skill level 1 in Dodging
  2668 | D:3      | Reached XP level 6. HP: 42/47 MP: 5/5
  2702 | D:3      | Found a burning altar of Makhleb.
  2707 | D:3      | Noticed a blizzard demon
  2853 | D:3      | Found a hazy altar of Hepliaklqana.
  3061 | D:4      | Reached skill level 5 in Axes
  3152 | D:4      | Found Pisoazext's Antique Armour Boutique.
  3201 | D:4      | Noticed Blork the orc
  3209 | D:4      | Killed Blork the orc
  3307 | D:4      | Found Ikhlit's Distillery.
  3314 | D:4      | Bought a potion of ambrosia for 88 gold pieces
  3314 | D:4      | Bought a potion of curing for 33 gold pieces
  3314 | D:4      | Bought a potion of curing for 33 gold pieces
  3420 | D:4      | Found Han Dauw's Jewellery Shop.
  3480 | D:4      | Found a blossoming altar of Fedhas.
  3752 | D:4      | Found Boari's Distillery.
  3816 | D:5      | Entered Level 5 of the Dungeon
  3821 | D:5      | Found a staircase to the Ecumenical Temple.
  3822 | D:5      | Noticed a water moccasin
  3836 | D:5      | HP: 1/49 [water moccasin (7)]
  3837 | D:5      | Succumbed to a water moccasin's poison

Illustrated notes

Levels and vault maps discovered:
D:1:      eino_arrival_cavern_b, layout_basic,
          ebering_ecumenical_altar_sacrificial
D:2:      layout_loops_corners
D:3:      layout_loops_cross, nicolae_hepliaklqana_hippocampus,
          makhleb_altar_promises_db
D:4:      layout_basic, fedhas_ov_isle_minmay, serial_shops,
          nicolae_shop_behind_doors, kennysheep_mini, nicolae_shop_stone,
          nicolae_shop_window_shopping, minmay_bent, uniq_blork_the_orc
D:5:      black_bear_nest_2, layout_basic, lemuel_coloured_pillars_altar,
          minmay_temple_entry_slanted, saegor_snake_ambush

Skill      XL: |  1  2  3  4  5  6 |
---------------+-------------------+-----
Fighting       | 4 |  4.9
Armour         | 4 5 |  5.7
Axes           | 3 4 5 |  5.6
Shields        | 4 |  4.7
Dodging        | 1 |  1.1
Stealth        | |  0.5

Action                   |  1- 3 |  4- 6 || total
-------------------------+-------+-------++-------
Melee: War axe           |    45 |    38 ||    83
       Headbutt          |     4 |    16 ||    20
       Hand axe          |       |    62 ||    62
  Use: Scroll            |     3 |     3 ||     6
       Potion            |       |     7 ||     7
Armor: Scale mail        |    17 |    33 ||    50
Dodge: Dodged            |    12 |    56 ||    68
Block: Buckler           |    11 |    24 ||    35

Table legend: (Time is in decaauts)
 A = Elapsed time spent in this place.
 B = Non-inter-level travel time spent in this place.
 C = Inter-level travel time spent in this place.
 D = Time resting spent in this place.
 E = Time spent auto-exploring this place.
 F = Levels seen in this place.
 G = Mean time per level.
                   A        B        C        D        E       F      G
               +--------+--------+--------+--------+--------+-----+--------+
         Total |   3861 |   3736 |    125 |    832 |   2344 |   5 |  772.2 |
       Dungeon |   3861 |   3736 |    125 |    832 |   2344 |   5 |  772.2 |
               +--------+--------+--------+--------+--------+-----+--------+

Top non-repeatable levels by time:
     D:3: 1246 daAuts
     D:2: 1110 daAuts
     D:4: 872 daAuts
     D:1: 611 daAuts
     D:5: 21 daAuts
